AoeStats
← BSHammer

Nomad

509808528Analyzed
4v4 RM · 5d ago on Sep 28, 2026· 35m 36s· 8 players
Game mode
Random Map
Map size
231×231
Population
200
Speed
Normal
Resources
Standard
Victory
Conquest
Starting age
Dark Age
Ending age
Imperial Age
RankedLock teamsTeams togetherTeam positionsShared explorationLock speedFull tech treeHidden civsTurbo modeCheats
Victory
Defeat
🇨🇳 Georgians · China
1632
+12
🇺🇸 Tatars · United States
1589
+14
🇨🇳 Vietnamese · China
1546
+16
🇺🇸 Saxons · United States
1538
+16
🇺🇸 Varangians · United States
1562
-15
🇺🇸 Mongols · United States
1558
-15
🇺🇸 Danes · United States
1544
-15
🇺🇸 Vietnamese · United States
1505
-13
GirlWonder_
4:37 Loom
13:41 Feudal Age
14:22 Town Watch
17:54 Castle Age
16:18 Fishing Lines
17:34 Double-Bit Axe
19:21 Fletching
20:40 Bow Saw
20:46 Stone Mining
24:07 Wheelbarrow
23:57 Horse Collar
25:41 Scale Barding Armor
27:43 Bodkin Arrow
30:35 Chain Barding Armor
31:31 Bloodlines
31:21 Husbandry
32:15 Forging
34:45 Iron Casting
enzoyin68
14:27 Feudal Age
15:03 Fishing Lines
15:10 Double-Bit Axe
15:42 Loom
18:15 Castle Age
17:15 Stone Mining
17:16 Gold Mining
19:23 Gillnets
20:02 Medium Warships
19:47 Fletching
20:12 Bow Saw
20:20 Padded Archer Armor
20:58 Wheelbarrow
20:09 Town Watch
21:54 Bodkin Arrow
25:45 Ballistics
25:42 Horse Collar
37:26 Imperial Age
Dwarf king
5:18 Loom
13:39 Feudal Age
14:16 Double-Bit Axe
18:22 Castle Age
16:05 Fishing Lines
16:36 Stone Mining
16:58 Fletching
19:33 Bodkin Arrow
20:43 Bow Saw
29:04 Gillnets
32:44 Treadmill Crane
33:51 Town Watch
34:42 Wheelbarrow
34:19 Guard Tower
35:59 Hand Cart
36:35 Ballistics
tim.13
5:22 Loom
12:56 Feudal Age
13:25 Fishing Lines
16:57 Castle Age
14:56 Double-Bit Axe
18:04 Wheelbarrow
17:43 Gillnets
18:05 Bow Saw
21:00 Horse Collar
22:40 Stone Mining
25:27 Fletching
26:41 Stone Shaft Mining
31:01 Imperial Age
29:26 Bodkin Arrow
29:38 Svan Towers
30:28 Scale Barding Armor
30:33 Forging
30:22 Gold Mining
31:06 Ballistics
30:38 Guard Tower
31:51 Hand Cart
31:21 Town Watch
32:01 Chain Barding Armor
32:15 Conscription
31:28 Elite Monaspa
32:51 Bloodlines
32:41 Husbandry
33:17 Heavy Plow
33:59 Plate Barding Armor
34:01 Iron Casting
35:55 Chemistry
34:41 Arrowslits
35:34 Bracer
Harristotle
3:35 Loom
13:19 Feudal Age
19:04 Castle Age
17:44 Gold Mining
17:41 Double-Bit Axe
20:01 Wheelbarrow
20:04 Fletching
20:31 Bow Saw
20:50 Horse Collar
22:14 Hand Cart
22:18 Bodkin Arrow
25:24 Fishing Lines
27:48 Gillnets
28:23 Town Watch
30:11 Ballistics
31:30 Scale Mail Armor
31:40 Forging
34:21 Imperial Age
32:07 Hamask
33:37 Chain Mail Armor
33:58 Iron Casting
34:58 Elite Varangian Guard
koriko9397
4:35 Loom
12:23 Feudal Age
17:45 Castle Age
20:56 Double-Bit Axe
23:11 Fletching
24:05 Bodkin Arrow
29:36 Ballistics
BSHammer
5:19 Loom
12:51 Feudal Age
18:13 Castle Age
16:19 Fletching
19:45 Bodkin Arrow
24:59 Husbandry
31:53 Bloodlines
Lucas Ducas
4:00 Loom
13:49 Feudal Age
14:24 Town Watch
17:15 Castle Age
15:12 Double-Bit Axe
17:26 Scale Mail Armor
18:25 Wheelbarrow
19:15 Squires
19:30 Bow Saw
26:43 Horse Collar
29:53 Heavy Plow
32:26 Gold Mining
33:26 Forging
35:08 Iron Casting
Connection lost

Rejoining the realm…

Still unreachable

The connection could not be restored.

Session expired

The server has moved on; the page needs a fresh start.